 Dungeon Crawl Stone Soup version 0.31-a0-826-ga5cc291a1b (webtiles) character file.

Game seed: 2145581375039062684

98 qw the Shooter (level 4, -4/28 HPs)
             Began as a Gargoyle Hunter on Sept 23, 2023.
             Slain by a gnoll
             ... wielding a +0 halberd
              (13 damage)
             ... on level 3 of the Dungeon.
             The game lasted 00:00:44 (1775 turns).

qw the Shooter (Gargoyle Hunter)                    Turns: 1775, Time: 00:00:45

Health: -4/28      AC: 10    Str: 15    XL:     4   Next: 71%
Magic:  4/4        EV: 11    Int:  9    God:
Gold:   140        SH:  0    Dex: 15    Spells: 3/3 levels left

rFire   . . .        Y - +0 shortbow
rCold   . . .        (shield currently unavailable)
rNeg    + . .        i - +0 ring mail
rPois   inf          (no helmet)
rElec   +            (no cloak)
rCorr   .            g - +0 pair of gloves
SInv    .            a - +0 pair of boots
Will    .....        (no amulet)
Stlth   +            (no ring)
HPRegen 0.24/turn    (no ring)
MPRegen 0.09/turn

%: no passive effects
@: no status effects
A: sickness immunity, AC +3, negative energy resistance 1, electricity
resistance, torment resistance 1, petrification resistance
a: no special abilities


You were on level 3 of the Dungeon.
You visited 1 branch of the dungeon, and saw 3 of its levels.

You collected 140 gold pieces.


Innate Abilities, Weirdness & Mutations

You are immune to sickness and miasma.
Your stone body is resilient. (AC +3)
You are immune to poison.
You resist negative energy. (rN+)
You are resistant to electric shocks. (rElec)
You are resistant to unholy torment.
You are immune to petrification.


   Skills:
 - Level 3.0 Fighting
 + Level 5.4 Ranged Weapons
 - Level 1.0 Armour
 - Level 1.5 Dodging
 - Level 1.1 Stealth


You had 3 spell levels left.
You didn't know any spells.
Your spell library was empty.

Inventory:

Hand Weapons
 Y - a +0 shortbow (weapon)
Armour
 a - a +0 pair of boots (worn)
 g - a +0 pair of gloves (worn)
 i - a +0 ring mail (worn)
Scrolls
 c - a scroll of revelation {unknown}
Potions
 b - a potion of resistance {unknown}
 d - a potion of lignification {unknown}
 e - a potion of berserk rage {unknown}
 j - a potion of brilliance {unknown}
 k - a potion of attraction {unknown}

Dungeon Overview and Level Annotations

Branches:
Dungeon (3/15)

Altars:
Qazlal
Xom


Message History

The gnoll is moderately wounded.
The gnoll closely misses you.
You shoot an arrow.
The arrow hits the gnoll but does no damage.
The gnoll is moderately wounded.
A giant cockroach comes into view.
The gnoll hits you from afar with a +0 spear.
You shoot an arrow. The arrow hits the adder.
The adder is heavily wounded.
The adder closely misses you.
The gnoll hits you from afar with a +0 spear.
The adder bites you but does no damage.
You shoot an arrow. The arrow closely misses the adder.
The arrow hits the gnoll!
You kill the gnoll!
The adder bites you but does no damage. The gnoll completely misses you.
A kobold comes into view. It is wielding a +0 whip.
You shoot an arrow.
The arrow hits the adder but does no damage.
The adder is heavily wounded.
The adder bites you but does no damage. The adder misses you.
The gnoll completely misses you.
You shoot an arrow. The arrow hits the adder.
The adder is severely wounded.
The adder bites you but does no damage. The gnoll hits you but does no damage.
The adder misses you.
You shoot an arrow. The arrow misses the adder.
The arrow hits the gnoll but does no damage.
The gnoll hits you from afar with a +0 halberd!
The adder closely misses you.
You shoot an arrow. The arrow barely misses the adder.
The arrow hits the gnoll.
The gnoll is lightly wounded.
The adder bites you but does no damage. The gnoll closely misses you.
The adder bites you but does no damage.
The gnoll hits you from afar with a +0 halberd.
You shoot an arrow. The arrow misses the adder.
The arrow hits the gnoll.
The gnoll is heavily wounded.
The adder bites you but does no damage.
The gnoll hits you from afar with a +0 halberd!
You die...

.# ##.##...##..#
... #.#.....#..#
#..#...#.#....#
##....##.##...#
##...........#.#
####..###.........#
......# ####....###
......K######...#
......BgS@.##...#
.......g##......#
........#####...#
......>.# #...#
........# #...#
........# #...#
.......## #...#
#.....# #####


You could see 2 gnolls, an adder, a giant cockroach and a kobold.

Vanquished Creatures
  2 gnolls (D:3)
  3 adders
  A worm (D:3)
  A dart slug (D:2)
  5 ball pythons
  4 endoplasms
  A giant cockroach (D:1)
  2 goblins
  4 hobgoblins
  4 jackals (D:3)
  3 quokkas
  6 bats
  5 frilled lizards
  5 kobolds
  2 rats (D:1)
48 creatures vanquished.

Notes
Turn   | Place    | Note
-------+----------+-------------------------------------------
     0 | D:1      | qw the Gargoyle Hunter began the quest for the Orb.
     0 | D:1      | Reached XP level 1. HP: 12/12 MP: 1/1
     0 | D:1      | 0 ||| qw: Version: 0.3-a-83-gcd0e7d8
     0 | D:1      | 0 ||| qw: Game counter: 1914
     0 | D:1      | 0 ||| qw: Melee chars always use a shield: true
     0 | D:1      | 0 ||| qw: God list: Okawaru
     0 | D:1      | 0 ||| qw: Allow faded altars: false
     0 | D:1      | 0 ||| qw: Do Orc after clearing Dungeon:15 true
     0 | D:1      | 0 ||| qw: Do second Lair branch before Depths: true
     0 | D:1      | 0 ||| qw: Lair rune preference: random
     0 | D:1      | 0 ||| qw: Goals: Normal
     0 | D:1      | 0 ||| PLANNING D:1-11
   172 | D:1      | Reached XP level 2. HP: 17/17 MP: 2/2
   391 | D:1      | You fall into a shaft and drop 1 floor!
   496 | D:2      | Reached XP level 3. HP: 8/21 MP: 3/3
   609 | D:2      | 609 ||| UPGRADING to +0 pair of gloves.
   614 | D:2      | 614 ||| UPGRADING to +0 ring mail.
   624 | D:2      | 624 ||| DROPPING +0 leather armour.
   625 | D:2      | 625 ||| READING scroll labelled XYFFUM HIGENUF.
   626 | D:2      | 626 ||| READING scroll labelled YCUUR YROEC.
   627 | D:2      | 627 ||| READING scroll labelled LUMA VUISASATA.
   628 | D:2      | 628 ||| DROPPING scroll of butterflies.
   982 | D:1      | 982 ||| UPGRADING to +0 pair of boots.
  1039 | D:2      | Reached skill level 1 in Armour
  1083 | D:2      | Found a faded altar of an unknown god.
  1423 | D:2      | 1423 ||| READING scroll labelled PIF RUUMULO.
  1424 | D:2      | 1424 ||| READING scroll labelled MUJOON LILIOHY.
  1425 | D:2      | 1425 ||| READING scroll labelled IJAUCV WEGU.
  1445 | D:3      | 1445 ||| STAIRDANCE
  1449 | D:2      | Reached skill level 5 in Ranged Weapons
  1463 | D:3      | 1463 ||| STAIRDANCE
  1539 | D:3      | Reached XP level 4. HP: 18/27 MP: 4/4
  1610 | D:3      | Reached skill level 3 in Fighting
  1612 | D:3      | Found a shimmering altar of Xom.
  1705 | D:3      | Found a stormy altar of Qazlal.
  1762 | D:3      | 1762 ||| RETREEAATING.
  1763 | D:3      | 1763 ||| STILL RETREEAATING.
  1775 | D:3      | Slain by a gnoll

Levels and vault maps discovered:
D:1:      sevenhm_arrival_forest_fort_large_2, layout_loops_ring
D:2:      layout_loops_ring, dreamdust_ecumenical_altar_grove
D:3:      layout_rooms, mainiacjoe_overflow_small_starburst,
          nicolae_overflow_crystal_walls, chequers_garden, uniq_sigmund,
          uniq_crazy_yiuf_cottage

Skill      XL: |  1  2  3  4 |
---------------+-------------+-----
Armour         | 1 |  1.0
Ranged Weapons | 5 |  5.4
Fighting       | 3 |  3.0
Dodging        | |  1.5
Stealth        | |  1.1

Action                     |  1- 3 |  4- 6 || total
---------------------------+-------+-------++-------
   Fire: Shortbow          |   123 |    46 ||   169
    Use: Scroll            |     6 |       ||     6
 Armour: Leather armour    |    30 |       ||    30
         Ring mail         |    34 |    22 ||    56
  Dodge: Dodged            |    53 |    26 ||    79

Table legend:
 A = Non-vault XP
 B = Vault XP
 C = Vault XP percentage of total XP
 D = Non-vault monster count
 E = Vault monster count
 F = Vault count percentage of total count
                 A         B        C        D         E       F
            +---------+---------+-------+---------+---------+-------
      Total |     141 |       0 |   0.0 |      48 |       0 |   0.0
            +---------+---------+-------+---------+---------+-------
        D:1 |      30 |       0 |   0.0 |      20 |       0 |   0.0
        D:2 |      35 |       0 |   0.0 |       7 |       0 |   0.0
        D:3 |      76 |       0 |   0.0 |      21 |       0 |   0.0
            +---------+---------+-------+---------+---------+-------
